 Dungeon Crawl Stone Soup version 0.29.1-12-g30fa7ad0bf (webtiles) character file.

Game seed: 3295952042003806181

42 MisterFreud the Changer (level 3, -3/28 HPs)
             Began as a Draconian Transmuter on Dec 25, 2022.
             Slain by Terence
             ... wielding a +1 mace of holy wrath
              (10 damage)
             ... on level 2 of the Dungeon.
             The game lasted 00:01:33 (1146 turns).

MisterFreud the Changer (Draconian Transmuter)      Turns: 1146, Time: 00:01:34

Health: -3/28      AC:  5    Str: 12    XL:     3   Next: 33%
Magic:  15/15      EV: 12    Int: 15    God:
Gold:   84         SH:  0    Dex: 11    Spells: 4/6 levels left

rFire   . . .      SeeInvis .     - Unarmed
rCold   . . .      Faith    .   (no shield)
rNeg    . . .      Spirit   .   (body armour unavailable)
rPois   .          Reflect  .   (helmet restricted)
rElec   .          Harm     .   (no cloak)
rCorr   .          Rampage  .   (no gloves)
Will    .....                   (no boots)
Stlth   +.........              (no amulet)
HPRegen 0.09/turn               b - ring of magical power
MPRegen 0.14/turn               (no ring)

@: wereblooded (expiring)
A: AC +5, unfitting armour, cold-blooded
a: no special abilities


You were on level 2 of the Dungeon.
You visited 1 branch of the dungeon, and saw 2 of its levels.

You collected 84 gold pieces.

Inventory:

Missiles
 e - 4 boomerangs of dispersal
Jewellery
 b - a ring of magical power (left hand)
Scrolls
 c - 5 scrolls of fear
Potions
 a - 2 potions of lignification
 f - 4 potions of resistance {unknown}


   Skills:
 - Level 1.1 Fighting
 - Level 1.7 Dodging
 - Level 3.0 Unarmed Combat
 - Level 2.0 Spellcasting
 + Level 3.8 Transmutations


You had 4 spell levels left.
You knew the following spells:

 Your Spells              Type           Power      Damage    Failure   Level
a - Wereblood             Tmut           13%        N/A       7%          2

Your spell library contained the following spells:

 Spells                   Type           Power      Damage    Failure   Level
 Beastly Appendage        Tmut           26%        N/A       4%          1
 Spider Form              Tmut/Pois      7%         N/A       30%         3
 Ice Form                 Ice/Tmut       7%         N/A       69%         4


Dungeon Overview and Level Annotations

Branches:
Dungeon (2/15)

Altars:

Annotations:
D:2 Terence


Innate Abilities, Weirdness & Mutations

Your plain brown scales are hard. (AC +5)
You cannot fit into any form of body armour.
You are cold-blooded and may be slowed by cold attacks.


Message History

Found a leather armour and a flail.
Found an escape hatch in the floor.
Terence the Incautious comes into view.
He is wielding a +1 mace of holy wrath and wearing a +3 scale mail of positive energy.
There is an open door here.
Terence is nearby!
Found 6 gold pieces.
You see here a +0 leather armour.
Casting: Wereblood (safe; 7% risk of failure)
Confirm with . or Enter, or press ? or * to list all spells.
You don't know that spell.
Casting: Wereblood (safe; 7% risk of failure)
Confirm with . or Enter, or press ? or * to list all spells.
Your blood is infused with primal strength.
Casting: Wereblood (safe; 7% risk of failure)
Confirm with . or Enter, or press ? or * to list all spells.
You don't know that spell.
Sorry, you're not good enough to have a special ability.
Casting: Wereblood (safe; 7% risk of failure)
Confirm with . or Enter, or press ? or * to list all spells.
Okay, then.
Unknown command.
A hobgoblin comes into view.
The hobgoblin shouts!
There is an open door here.
Terence attacks as you move away!
Terence hits you with a +1 mace of holy wrath!
Terence says, "You're history."
Terence attacks as you move away! Terence misses you.
You hit Terence but do no damage. Terence hits you but does no damage.
You hit Terence.
Terence is moderately wounded.
Your primal bloodlust is almost over.
Terence hits you with a +1 mace of holy wrath.
You hit Terence but do no damage.
Terence is moderately wounded.
Terence hits you with a +1 mace of holy wrath.
* * * LOW HITPOINT WARNING * * *
You hit Terence but do no damage.
Terence is moderately wounded.
Terence hits you with a +1 mace of holy wrath!
You die...

.........#
.........#
.........#
#######.##
### #.# #<#
#.###### #†#
#......#
#.#########.#
#......@@g..#
#############


You could see Terence and a hobgoblin.

Vanquished Creatures
  An adder (D:2)
  2 dart slugs
  3 endoplasms (D:1)
  2 giant cockroaches
  7 goblins
  2 hobgoblins (D:1)
  A quokka (D:1)
  4 ball pythons (D:1)
  A bat (D:1)
  2 frilled lizards (D:1)
  A rat (D:1)
26 creatures vanquished.

Notes
Turn   | Place    | Note
-------+----------+-------------------------------------------
     0 | D:1      | MisterFreud the Draconian Transmuter began the quest for
                  | the Orb.
     0 | D:1      | Reached XP level 1. HP: 16/16 MP: 3/3
   103 | D:1      | Reached XP level 2. HP: 23/23 MP: 5/5
   219 | D:1      | You fall into a shaft and drop 1 floor!
   678 | D:1      | Reached XP level 3. HP: 25/28 MP: 6/6
  1018 | D:1      | Found a faded altar of an unknown god.
  1080 | D:1      | Learned a level 2 spell: Wereblood
  1121 | D:2      | Noticed Terence
  1146 | D:2      | Slain by Terence

Illustrated notes

Levels and vault maps discovered:
D:1:      ncdulo_wetmaze, layout_rooms, chequers_ecumenical_altar_twisty
D:2:      kennysheep_the_goblin_king, layout_basic, uniq_terence

Skill      XL: |  1  2 |
---------------+-------+-----
Transmutations | 3 |  3.8
Fighting       | |  1.1
Dodging        | |  1.7
Unarmed Combat | |  3.0
Spellcasting   | |  2.0

Action                   || total
-------------------------++-------
Melee: Unarmed           ||    71
       Kick              ||    11
       Headbutt          ||     4
       Tailslap          ||     4
       Punch             ||     2
 Cast: Beastly Appendage ||    13
       Wereblood         ||     1
  Use: Scroll            ||     3
 Stab: Sleeping          ||     1
Armor: Skin              ||    24
Dodge: Dodged            ||    43
